 Dungeon Crawl Stone Soup version 0.25-a0-36-g303dd5b1f4 (webtiles) character file.

Game seed: 8651305954779425643, levelgen mode: deterministic

21776 Froggeryz the Basher (level 12, -14/96 HPs)
             Began as a Grey Draconian Conjurer on Oct 20, 2019.
             Was an Elder of Sif Muna.
             Demolished by a swamp worm (18 damage)
             ... on level 3 of the Lair of Beasts.
             The game lasted 00:35:14 (12979 turns).

Froggeryz the Basher (Grey Draconian Conjurer)     Turns: 12979, Time: 00:35:15

Health: -14/96     AC: 18    Str: 11    XL:     12   Next: 57%
Magic:  7/22       EV: 16    Int: 24    God:    Sif Muna [****..]
Gold:   962        SH:  6    Dex: 14    Spells: 10/24 levels left

rFire    . . .     SeeInvis .   l - +7 morningstar of Upheaval {elec, rC- rN+ Int+6}
rCold    + . .     Gourm    .   f - +1 buckler
rNeg     + . .     Faith    .   (armour unavailable)
rPois    .         Spirit   .   (helmet restricted)
rElec    .         Reflect  .   y - +0 cloak
rCorr    .         Harm     .   e - +0 pair of gloves
MR       .....     Clarity  +   A - +2 pair of boots
Stlth    +++.......             g - amulet of regeneration
HPRegen  0.66/turn              o - ring of protection from cold
MPRegen  0.18/turn              N - ring of protection from cold

@: no status effects
A: walk through water, unfitting armour, horns 1, camouflage 1, clarity,
unbreathing, cold-blooded, AC +13
a: Channel Magic, Forget Spell, Divine Exegesis, Renounce Religion


You were on level 3 of the Lair of Beasts.
You worshipped Sif Muna.
Sif Muna was greatly pleased with you.
You were very hungry.

You visited 4 branches of the dungeon, and saw 17 of its levels.

You collected 1133 gold pieces.
You spent 171 gold pieces at shops.

Inventory:

Hand Weapons
 l - the +7 morningstar of Upheaval (weapon) {elec, rC- rN+ Int+6}
   (You bought it in a shop on level 4 of the Dungeon)

   Occasionally, upon striking a foe, it will discharge some electrical energy
   and cause terrible harm.
   It affects your intelligence (+6).
   It makes you vulnerable to cold.
   It protects you from negative energy.
 m - a +4 long sword of electrocution
 t - a +2 short sword of electrocution
 w - a +1 dagger of freezing
 B - a +3 quarterstaff of chaos
Missiles
 n - 4 curare-tipped darts (quivered)
 u - 39 poisoned darts
 G - 2 throwing nets
Armour
 e - a +0 pair of gloves (worn)
 f - a +1 buckler (worn)
 y - a +0 cloak (worn)
 A - a +2 pair of boots (worn)
Magical Staves
 J - an uncursed staff of wizardry
 M - an uncursed staff of fire
Jewellery
 g - an amulet of regeneration (around neck)
 o - a ring of protection from cold (left hand)
 D - an uncursed amulet of harm {unknown}
 K - an uncursed ring of resist corrosion
 N - a ring of protection from cold (right hand)
Wands
 a - a wand of flame (3)
 c - a wand of random effects (21)
 E - a wand of digging (11)
 F - a wand of acid (30)
 I - a wand of polymorph (7)
 P - a wand of clouds (1)
 T - a wand of enslavement (11)
Scrolls
 i - 5 scrolls of magic mapping
 p - 7 scrolls of remove curse
 q - 2 scrolls of identify
 s - 5 scrolls of teleportation
 C - 3 scrolls of enchant armour
 O - a scroll of enchant weapon
 R - a scroll of random uselessness {unknown}
Potions
 d - 7 potions of flight
 h - 3 potions of haste
 j - 3 potions of cancellation
 k - 6 potions of heal wounds
 r - 5 potions of lignification
 v - 5 potions of magic
 x - 3 potions of invisibility
 z - 2 potions of curing
 H - 2 potions of ambrosia
 L - a potion of resistance {unknown}
 Q - a potion of agility
 S - a potion of might
Comestibles
 b - 26 rations


   Skills:
 - Level 6.0 Fighting
 - Level 11.0 Maces & Flails
 + Level 6.6 Dodging
 - Level 1.7 Stealth
 - Level 5.0 Shields
 + Level 6.8 Spellcasting
 + Level 11.0 Conjurations
 * Level 8.4 Necromancy


You had 10 spell levels left.
You knew the following spells:

 Your Spells              Type           Power        Failure   Level  Hunger
a - Magic Dart            Conj           ####         1%          1    None
b - Searing Ray           Conj           ######       1%          2    None
c - Iskenderun's Mystic   Conj           ######..     1%          4    ###....
d - Regeneration          Chrm/Necr      ####......   3%          3    None
e - Animate Dead          Necr           N/A          2%          4    ###....

Your spell library contained the following spells:

 Spells                   Type           Power        Failure   Level  Hunger
 Corpse Rot               Necr           N/A          1%          2    None
 Dazzling Spray           Conj/Hex       ####..       2%          3    None
 Bolt of Draining         Conj/Necr      ######....   3%          5    #####..
 Beastly Appendage        Tmut           #.....       8%          1    None
 Infusion                 Chrm           #...         8%          1    None
 Force Lance              Conj/Tloc      ####....     8%          4    ###....
 Fulminant Prism          Conj/Hex       ####......   8%          4    ###....
 Shroud of Golubria       Chrm/Tloc      #.....       11%         2    None
 Song of Slaying          Chrm           #.......     11%         2    None
 Sticks to Snakes         Tmut           #.......     11%         2    None
 Spectral Weapon          Hex/Chrm       #.......     22%         3    None
 Spider Form              Tmut/Pois      #.........   22%         3    None
 Ice Form                 Ice/Tmut       #.......     58%         4    ###....
 Summon Ice Beast         Ice/Summ       #.......     58%         4    ###....
 Blade Hands              Tmut           #.........   90%         5    #####..
 Summon Forest            Summ/Tloc      #.........   90%         5    #####..


Dungeon Overview and Level Annotations

Branches:
Dungeon (12/15)            Temple (1/1) D:4            Lair (3/6) D:10
  Snake (1/4) Lair:2          Orc (0/2) D:9
  Swamp: Lair:2-4    Shoals: Lair:2-4

Altars:
Ashenzari
Cheibriados
Dithmenos
Elyvilon
Fedhas
Gozag
Hepliaklqana
Kikubaaqudgha
Makhleb
Nemelex Xobeh
Okawaru
Qazlal
Ru
Sif Muna
Trog
Uskayaw
Vehumet
Wu Jian
Xom
Yredelemnul
Zin
The Shining One

Shops:
D:4 (

Annotations:
D:7 3 runed translucent doors, Tiareth's ghost, novice HuFi


Innate Abilities, Weirdness & Mutations

You can walk through water.
Your dull iron-grey scales are very hard. (AC +13)
You cannot fit into any form of body armour.
You can survive without breathing.
You are cold-blooded and may be slowed by cold attacks.
You have a pair of small horns on your head.
Your skin changes colour to match your surroundings (Stealth+).
You possess an exceptional clarity of mind.


Message History

The yak is heavily wounded.
The swamp worm bites you!
You hit the yak.
Your tail-slap misses the yak.
The yak is severely wounded.
The yak closely misses you. The swamp worm bites you!
You hit the yak but do no damage. You headbutt the yak.
The yak is severely wounded.
The yak barely misses you. The swamp worm bites you!
You barely miss the yak.
The yak is severely wounded.
The swamp worm bites you!!
* * * LOW HITPOINT WARNING * * *
The yak closely misses you.
Unknown command.
You feel much better. The swamp worm bites you!
* * * LOW HITPOINT WARNING * * *
The yak gores you!
* * * LOW HITPOINT WARNING * * *
The swamp worm bites you!!
You die... #.... #.#.. ....# ## PP...

#.# ##.. #.##...####
##.(#...Y..######
##......#@...#...#
##......#w#......P### ####
#......wY##...PP....###..##
.......Y###......P#....P..#
.......####.....####......#
....... #.......####......
....... ##........P.....##
......# #................#
...... ##..............##


You could see 3 yaks and 2 swamp worms.

Vanquished Creatures
  2 hydras
  A tengu warrior (D:11)
  Urug (Lair:2)
  An ugly thing (D:11)
  A cyclops (D:12)
  2 black mambas (Lair:1)
  4 spiny frogs
  A rime drake (Lair:2)
  A tengu conjurer (D:11)
  3 komodo dragons
  A troll (D:12)
  6 slime creatures (D:12)
  A hippogriff (Lair:1)
  A centaur simulacrum (D:11)
  2 wyverns
  Grum (D:8)
  A human (D:8)
  A basilisk (D:12)
  3 hogs (D:8)
  Eustachio (D:6)
  19 yaks
  2 hungry ghosts
  3 nagas (Lair:2)
  3 water moccasins
  Duvessa (D:6)
  5 porcupines
  9 orc warriors
  5 sky beasts
  4 black bears
  3 ice beasts
  2 eyes of draining
  3 phantoms
  4 wolves (D:8)
  A necrophage (D:12)
  7 centaurs
  7 ogres
  6 crocodiles
  A big kobold (D:7)
  11 bullfrogs
  2 gnoll sergeants
  Dowan (D:6)
  4 scorpions
  An electric eel (Lair:1)
  4 howler monkeys
  5 crimson imps
  3 quasits
  2 jellies
  6 orc priests
  Crazy Yiuf (D:5)
  2 bullfrog skeletons
  16 hounds
  A centaur skeleton (D:7)
  9 orc wizards
  Jessica (D:3)
  3 iguanas
  13 worker ants
  A killer bee zombie (D:8)
  A hound zombie (D:10)
  A mummy (D:7)
  A hound skeleton (D:11)
  14 gnolls
  16 adders
  4 shadow imps
  An adder skeleton (D:4)
  An adder zombie (D:5)
  A worm (D:3)
  5 dart slugs
  3 leopard geckos
  24 orcs
  A bat (D:2)
  3 giant cockroaches
  3 goblins (D:2)
  16 hobgoblins
  12 jackals
  16 kobolds
  6 quokkas
  A ball python (D:4)
  4 frilled lizards
  A giant cockroach zombie (D:4)
  3 hobgoblin zombies (D:7)
  A kobold zombie (D:7)
  2 quokka skeletons
  2 quokka zombies (D:6)
  6 rats
  3 fungi
358 creatures vanquished.

Vanquished Creatures (collateral kills)
  A manticore (D:11)
  A yak (Lair:1)
  A porcupine (Lair:3)
3 creatures vanquished.

Vanquished Creatures (others)
  8 fungi
8 creatures vanquished.

Grand Total: 369 creatures vanquished

Notes
Turn   | Place    | Note
-------+----------+-------------------------------------------
     0 | D:1      | Froggeryz the Draconian Conjurer began the quest for the
                  | Orb.
     0 | D:1      | Reached XP level 1. HP: 14/14 MP: 3/3
   288 | D:1      | Reached XP level 2. HP: 15/20 MP: 5/5
  1097 | D:2      | Reached skill level 5 in Conjurations
  1098 | D:2      | Reached XP level 3. HP: 22/26 MP: 6/6
  1374 | D:2      | Found a shimmering altar of Xom.
  1456 | D:2      | Learned a level 2 spell: Searing Ray
  1535 | D:2      | Reached XP level 4. HP: 30/33 MP: 7/7
  1713 | D:2      | Found an iron altar of Okawaru.
  2338 | D:3      | Noticed Jessica
  2352 | D:3      | Killed Jessica
  2352 | D:3      | Reached XP level 5. HP: 34/38 MP: 8/8
  2554 | D:3      | Found a faded altar of an unknown god.
  2635 | D:3      | Found an ancient bone altar of Kikubaaqudgha.
  2635 | D:3      | Found a glowing silver altar of Zin.
  2984 | D:4      | Noticed an ogre
  3003 | D:4      | Killed an ogre
  3003 | D:4      | Reached XP level 6. HP: 39/45 MP: 3/9
  3404 | D:4      | Found a staircase to the Ecumenical Temple.
  3407 | D:4      | Found Hidghynau's Antique Weapon Shop.
  3415 | D:4      | Bought a smoking morningstar for 171 gold pieces
  3417 | D:4      | Identified the +7 morningstar of Upheaval {elec, rC- rN+
                  | Int+6} (You bought it in a shop on level 4 of the Dungeon)
  3425 | Temple   | Entered the Ecumenical Temple
  3560 | Temple   | Became a worshipper of Sif Muna the Loreminder
  3589 | D:4      | Found a glowing golden altar of the Shining One.
  3700 | D:5      | Entered Level 5 of the Dungeon
  3901 | D:5      | Your scales start taking on a dull iron-grey colour.
  3901 | D:5      | Reached XP level 7. HP: 37/50 MP: 5/10
  3901 | D:5      | Gained mutation: You can survive without breathing. [Grey
                  | Draconian growth]
  3915 | D:5      | Learned a level 4 spell: Iskenderun's Mystic Blast
  3960 | D:5      | Found an opulent altar of Gozag.
  4186 | D:5      | Found a basalt altar of Yredelemnul.
  4328 | D:5      | Found a blossoming altar of Fedhas.
  4330 | D:5      | Found a stormy altar of Qazlal.
  4638 | D:5      | Found a stormy altar of Qazlal.
  4762 | D:5      | Found a runed translucent door.
  4763 | D:5      | Noticed Crazy Yiuf
  4769 | D:5      | Killed Crazy Yiuf
  4880 | D:6      | Found an opulent altar of Gozag.
  4886 | D:6      | Reached * piety under Sif Muna
  4935 | D:6      | Noticed Dowan
  4936 | D:6      | Noticed Duvessa
  4949 | D:6      | Killed Dowan
  4960 | D:6      | Noticed Eustachio
  4967 | D:6      | Reached skill level 1 in Fighting
  4973 | D:6      | Killed Eustachio
  4973 | D:6      | Reached skill level 1 in Shields
  4973 | D:6      | Reached XP level 8. HP: 17/60 MP: 2/11
  5056 | D:6      | Found a white marble altar of Elyvilon.
  5128 | D:6      | Killed Duvessa
  5146 | D:6      | Reached skill level 10 in Conjurations
  5201 | D:6      | Reached skill level 1 in Maces & Flails
  5317 | D:6      | Found a radiant altar of Vehumet.
  5349 | D:6      | Found an ornate altar of the Wu Jian Council.
  5368 | D:6      | Found a bloodstained altar of Trog.
  5687 | D:7      | Found a sacrificial altar of Ru.
  5778 | D:7      | Found a runed translucent gate.
  5780 | D:7      | Reached skill level 5 in Shields
  5788 | D:7      | Found a runed translucent gate.
  5790 | D:7      | Found a runed translucent gate.
  5790 | D:7      | Noticed Tiareth's ghost (novice HuFi)
  5827 | D:7      | Reached ** piety under Sif Muna
  5916 | D:7      | Reached XP level 9. HP: 67/67 MP: 12/12
  5985 | D:7      | Reached skill level 5 in Maces & Flails
  6343 | D:8      | Noticed Grum
  6358 | D:8      | Killed Grum
  6502 | D:8      | Found a hide-covered altar of Uskayaw.
  6717 | D:8      | Reached XP level 10. HP: 46/73 MP: 1/13
  7035 | D:8      | Found a bloodstained altar of Trog.
  7119 | D:8      | Reached skill level 10 in Maces & Flails
  7133 | D:8      | Reached *** piety under Sif Muna
  7920 | D:9      | Found a staircase to the Orcish Mines.
  8037 | D:9      | Reached **** piety under Sif Muna
  8490 | D:10     | Entered Level 10 of the Dungeon
  8540 | D:10     | Found a staircase to the Lair.
  8776 | D:10     | Reached skill level 5 in Spellcasting
  8776 | D:10     | Reached XP level 11. HP: 85/85 MP: 16/18
  8901 | D:10     | Learned a level 3 spell: Regeneration
  9083 | D:11     | Reached skill level 1 in Necromancy
  9137 | D:11     | Reached skill level 5 in Fighting
  9308 | D:11     | Noticed a red ugly thing
  9322 | D:11     | Killed a red ugly thing
  9428 | D:11     | Noticed a tengu warrior
  9443 | D:11     | Killed a tengu warrior
  9701 | D:11     | Reached ***** piety under Sif Muna
  9879 | D:11     | Identified Meadesir's Catalogue of the Lethal Entourage
                  | (Sif Muna gifted it to you on level 11 of the Dungeon)
  9879 | D:11     | Received a gift from Sif Muna
  9884 | D:11     | Reached skill level 5 in Dodging
  9889 | D:11     | Reached skill level 5 in Necromancy
  9898 | D:11     | Learned a level 4 spell: Animate Dead
 10112 | D:12     | Gained mutation: You have a pair of small horns on your
                  | head. [potion of mutation]
 10112 | D:12     | Gained mutation: You possess an exceptional clarity of
                  | mind. [potion of mutation]
 10112 | D:12     | Gained mutation: Your skin changes colour to match your
                  | surroundings (Stealth+). [potion of mutation]
 10934 | Lair:1   | Entered Level 1 of the Lair of Beasts
 10959 | Lair:1   | Reached XP level 12. HP: 96/96 MP: 15/20
 11576 | Lair:1   | Noticed a six-headed hydra
 11594 | Lair:1   | Killed a six-headed hydra
 11862 | Lair:2   | Noticed an eight-headed hydra
 11878 | Lair:2   | Killed an eight-headed hydra
 11967 | Lair:2   | Found a staircase to the Snake Pit.
 12298 | Lair:2   | Noticed Urug
 12311 | Lair:2   | Killed Urug
 12622 | Snake:1  | Entered Level 1 of the Snake Pit
 12979 | Lair:3   | HP: 4/96 [yak (8)]
 12979 | Lair:3   | Demolished by a swamp worm

Levels and vault maps discovered:
D:1:      roderic_crop_circles_arrival_small, layout_basic
D:2:      layout_loops_ring, overflow_temple_1_default, lemuel_round_altar
D:3:      layout_rooms, nicolae_overflow_hidden_temple,
          chequers_ecumenical_altar_grove, first_ration, uniq_jessica
D:4:      layout_rooms, tso_oasis_becter, minmay_temple_entry_mist,
          serial_shops, shop
D:5:      layout_cave_pods, grunt_temple_overflow_forces_of_nature,
          nicolae_gozag_cash_rules_everything_around_me, lemuel_crystal_altar,
          basic_altar, kennysheep_generic_room_13, uniq_crazy_yiuf_cottage
D:6:      layout_cave_pools, old_standard_altar, kennysheep_little_box,
          lemuel_doored_altar, basic_altar, elyvilon_altar_3, uniq_eustachio,
          uniq_duvessa
D:7:      layout_basic, basic_altar, ebering_ghost_rock_garden, corner_web_ring,
          minmay_mini_ossuary
D:8:      kennysheep_housing_project, layout_basic,
          eat_drink_and_be_merry_uskayaw, grunt_livestock, trog_book, uniq_grum
D:9:      layout_roguey, david_orc_4
D:10:     layout_rooms, due_lair_maze_entry_diamond
D:11:     layout_gridville, kennysheep_crisscross
D:12:     layout_gridville
Temple:   compressed_dpeg_triangle_lava_temple
Lair:1:   layout_roguey, grunt_megastairs_1, serial_bayou_shore_a,
          infiniplex_staircase_pool
Lair:2:   layout_small_grid, guppyfry_snake_entry_garden, uniq_urug
Lair:3:   layout_cave_pods, minmay_swamp_entry_worms
Snake:1:  layout_onion_interference, serial_shops, nicolae_shop_waterfront,
          nicolae_snake_horde_hoard

Skill      XL: |  1  2  3  4  5  6  7  8  9 10 11 12 |
---------------+-------------------------------------+-----
Conjurations   | 5 6 7 8 9 10 11 | 11.0
Fighting       | 1 2 4 6 |  6.0
Shields        | 1 5 |  5.0
Maces & Flails | 4 9 11 | 11.0
Dodging        | 3 5 6 |  6.6
Spellcasting   | 5 6 |  6.8
Necromancy     | 6 8 |  8.4
Stealth        | |  1.7

Action                   |  1- 3 |  4- 6 |  7- 9 | 10-12 || total
-------------------------+-------+-------+-------+-------++-------
Melee: Unarmed           |    89 |       |       |       ||    89
       Tailslap          |    10 |    14 |    15 |    45 ||    84
       Hand axe          |    44 |    45 |       |       ||    89
       Short sword       |       |    80 |       |       ||    80
       Morningstar       |       |    14 |   224 |   496 ||   734
       Headbutt          |       |       |       |    26 ||    26
 Cast: Magic Dart        |    16 |     4 |    12 |    35 ||    67
       Searing Ray       |       |     9 |    14 |    36 ||    59
       Iskenderun's Myst |       |       |     9 |    18 ||    27
       Animate Dead      |       |       |       |     9 ||     9
Evoke: Wand              |       |       |     4 |    16 ||    20
  Use: Scroll            |       |     3 |     6 |    15 ||    24
       Potion            |       |       |     1 |     8 ||     9
 Stab: Sleeping          |     7 |     5 |     2 |    11 ||    25
       Distracted        |       |       |       |     1 ||     1
       Confused          |       |       |       |     2 ||     2
  Eat: Chunk             |     2 |     9 |     8 |    26 ||    45
       Ration            |       |       |     1 |       ||     1
Armor: Skin              |    63 |    66 |   124 |   278 ||   531
Dodge: Dodged            |   100 |   124 |   168 |   321 ||   713
Block: Buckler           |       |       |    36 |   182 ||   218

Table legend:
 A = Non-vault XP
 B = Vault XP
 C = Vault XP percentage of total XP
 D = Non-vault monster count
 E = Vault monster count
 F = Vault count percentage of total count
                 A         B        C        D         E       F
            +---------+---------+-------+---------+---------+-------
      Total |   24739 |    6370 |  20.5 |     277 |      81 |  22.6
            +---------+---------+-------+---------+---------+-------
        D:1 |      35 |       0 |   0.0 |      18 |       0 |   0.0
        D:2 |      71 |       0 |   0.0 |      19 |       0 |   0.0
        D:3 |      80 |      37 |  31.6 |      17 |       1 |   5.6
        D:4 |     466 |       0 |   0.0 |      16 |       0 |   0.0
        D:5 |     379 |      42 |  10.0 |      22 |       1 |   4.3
        D:6 |     561 |     412 |  42.3 |      22 |       3 |  12.0
        D:7 |    1175 |      22 |   1.8 |      19 |       5 |  20.8
        D:8 |     956 |    2605 |  73.2 |      19 |      40 |  67.8
        D:9 |    1398 |     723 |  34.1 |      10 |      17 |  63.0
       D:10 |    1269 |    1108 |  46.6 |      16 |       9 |  36.0
       D:11 |    6228 |       0 |   0.0 |      42 |       0 |   0.0
       D:12 |    3951 |       0 |   0.0 |      27 |       0 |   0.0
     Lair:1 |    4562 |      88 |   1.9 |      17 |       1 |   5.6
     Lair:2 |    2491 |    1333 |  34.9 |       7 |       4 |  36.4
     Lair:3 |    1117 |       0 |   0.0 |       6 |       0 |   0.0
            +---------+---------+-------+---------+---------+-------
